 Dungeon Crawl Stone Soup version 0.31-a0-133-gaae73658be (webtiles) character file.

Game seed: 382165349167385263

11773 Arzdou the Thaumaturge (level 11, -11/74 HPs)
             Began as a Purple Draconian Ice Elementalist on May 27, 2023.
             Was a High Priest of Ashenzari.
             Succumbed to a redback's poison
             ... in a Gauntlet on June 2, 2023.
             The game lasted 00:29:11 (12353 turns).

Arzdou the Thaumaturge (DrIE)                      Turns: 12353, Time: 00:29:12

Health: -11/74     AC: 14    Str: 10    XL:     11   Next: 53%
Magic:  25/28      EV: 13    Int: 26    God:    Ashenzari [*****.]
Gold:   627        SH:  0    Dex: 12    Spells: 23/37 levels left

rFire   + + .        J - +3 glaive of Ouranomancy {spect, rF++ Will+ rCorr, Evo, Elem} (curse)
rCold   . . .        (shield currently unavailable)
rNeg    . . .        (body armour unavailable)
rPois   .            o - +2 hat of the Chained Comet {Self, Elem} (curse)
rElec   .            q - +0 cloak of Ashenzari's Annoyance {Elem, Fort} (curse)
rCorr   +            y - +0 pair of gloves "Altruism of Ashenzari" {Range, Melee} (curse)
SInv    +            p - +2 pair of boots of Ashenzari's Negation {Bglg, Comp} (curse)
Will    ++...        (no amulet)
Stlth   +++          x - +4 ring of slaying
HPRegen 0.32/turn    z - ring of Ashenzari's Annoyance {Int+6, Fort, Comp} (curse)
MPRegen 0.21/turn

%: no teleportation, clarity
@: lethally poisoned (-11 -> -82), freezing walls
A: breathe power, AC +7, unfitting armour, cold-blooded
a: Breathe Dispelling Energy, Renounce Religion, Curse Item, Shatter the Chains


You were in a Gauntlet.
You worshipped Ashenzari.
Ashenzari was extremely pleased with you.
You visited 3 branches of the dungeon, and saw 13 of its levels.
You also visited: Gauntlet.

You collected 627 gold pieces.

Inventory:

Hand Weapons
 f - a +0 short sword
 A - the +7 mace of Ujugil {freeze, Drain rN+ Will+}
   (You found it on level 7 of the Dungeon)

   rN:        It protects you from negative energy.
   Drain:     It drains your maximum health when unequipped.
   Will:      It increases your willpower.
 J - the cursed +3 glaive of Ouranomancy (weapon) {spect, rF++ Will+ rCorr, Evo, Elem}
   (You found it on level 9 of the Dungeon)

   rF:        It greatly protects you from fire.
   rCorr:     It protects you from acid and corrosion.
   Will:      It increases your willpower.
   It has a curse which improves the following skills: Evocations: Evocations.
   Elements:  Fire Magic, Ice Magic, Air Magic and Earth Magic.
Missiles
 g - 2 atropa-tipped darts
 m - 23 poisoned darts
Armour
 o - the cursed +2 hat of the Chained Comet (worn) {Self, Elem}
   (You found it on level 6 of the Dungeon)

   It has a curse which improves the following skills: Introspection: Fighting
   and Spellcasting.
   Elements:  Fire Magic, Ice Magic, Air Magic and Earth Magic.
 p - the cursed +2 pair of boots of Ashenzari's Negation (worn) {Bglg, Comp}
   (You found it on level 9 of the Dungeon)

   It has a curse which improves the following skills: Beguiling: Conjurations,
   Hexes and Translocations.
   Companions: Summonings and Necromancy.
 q - the cursed +0 cloak of Ashenzari's Annoyance (worn) {Elem, Fort}
   (You took it off Crazy Yiuf on level 6 of the Dungeon)

   It has a curse which improves the following skills: Elements: Fire Magic, Ice
   Magic, Air Magic and Earth Magic.
   Fortitude: Shields.
 y - the cursed +0 pair of gloves "Altruism of Ashenzari" (worn) {Range, Melee}
   (You found it on level 5 of the Dungeon)

   It has a curse which improves the following skills: Ranged Combat: Ranged
   Weapons and Throwing.
   Melee Combat: Short Blades, Long Blades, Axes, Maces & Flails, Polearms,
   Staves and Unarmed Combat.
Jewellery
 b - a +6 ring of strength
 x - a +4 ring of slaying (left hand)
 z - the cursed ring of Ashenzari's Annoyance (right hand) {Int+6, Fort, Comp}
   (You found it on level 5 of the Dungeon)

   [ring of intelligence]

   Int:       It affects your intelligence (+6).
   It has a curse which improves the following skills: Fortitude: Shields.
   Companions: Summonings and Necromancy.
 F - a ring of wizardry
Wands
 B - a wand of mindburst (19)
 C - a wand of flame (4)
 E - a wand of digging (13)
Scrolls
 e - a scroll of fog
 k - 2 scrolls of amnesia
 l - 3 scrolls of torment
 r - 5 scrolls of teleportation
 u - 2 scrolls of enchant armour
 D - 3 scrolls of silence
Potions
 a - 3 potions of magic
 c - 4 potions of haste
 h - 2 potions of ambrosia
 i - a potion of berserk rage
 j - 2 potions of mutation
 n - a potion of enlightenment
 t - 4 potions of attraction
 v - a potion of resistance
 w - a potion of invisibility
 G - a potion of might


   Skills:
 - Level 7.8(10.0) Polearms
 - Level 4.3 Dodging
 - Level 4.6 Stealth
 - Level 11.4(13.5) Spellcasting
 - Level 4.0(6.0) Conjurations
 - Level 11.1(15.3) Ice Magic
 + Level 2.0(5.0) Earth Magic
 - Level 3.1(5.0) Evocations


You had 23 spell levels left.
You knew the following spells:

 Your Spells              Type           Power      Damage    Failure   Level
a - Freeze                Ice            100%       1d10      0%          1
b - Frozen Ramparts       Ice            100%       1d16      1%          3
c - Ozocubu's Armour      Ice            77%        N/A       1%          3
d - Ozocubu's Refrigerat  Ice            38%        4d16      4%          7

Your spell library contained the following spells:

 Spells                   Type           Power      Damage    Failure   Level
 Static Discharge         Conj/Air       68%        2-5/arc   1%          2
 Summon Ice Beast         Ice/Summ       55%        N/A       1%          4
 Iskenderun's Battlesphe  Conj           48%        2d10      8%          5
 Inner Flame              Hex/Fire       19%        N/A       9%          3
 Flame Wave               Conj/Fire      34%        2d10      9%          4
 Sticky Flame             Conj/Fire      34%        2d5       9%          4
 Simulacrum               Ice/Necr       27%        N/A       19%         6
 Fireball                 Conj/Fire      17%        3d9       22%         5
 Airstrike                Air            10%        2d(2-18)  26%         4
 Summon Lightning Spire   Summ/Air       20%        N/A       26%         4
 Leda's Unmaking          Conj/Erth      23%        9d4       45%         6
 Conjure Ball Lightning   Conj/Air       17%        3x3d6     77%         6
 Orb of Destruction       Conj           24%        9d9       93%         7
 Polar Vortex             Ice            38%        N/A       99%         9
 Spellforged Servitor     Conj/Summ      17%        N/A       100%        7


Dungeon Overview and Level Annotations

Branches:
Dungeon (11/15)            Temple (1/1) D:4            Lair (1/5) D:9
Gauntlet (1/1)
    Orc: D:9-12

Altars:
Ashenzari
Cheibriados
Dithmenos
Elyvilon
Fedhas
Gozag
Hepliaklqana
Kikubaaqudgha
Makhleb
Nemelex Xobeh
Okawaru
Qazlal
Ru
Sif Muna
Trog
Uskayaw
Vehumet
Wu Jian
Xom
Yredelemnul
Zin
The Shining One
Jiyva

Shops:
D:8 *   D:10 ?

Annotations:
D:6 2 transporters, bmj180's ghost, novice MfIE
D:8 exclusion: oklob plant
D:9 3 runed translucent doors, kae's ghost, journeyman MfTm Gauntlet 9 transporters, 1 runed translucent door


Innate Abilities, Weirdness & Mutations

You can breathe bolts of dispelling energy.
Your rich purple scales are hard. (AC +7)
You cannot fit into any form of body armour.
You are cold-blooded and may be slowed by cold attacks.


Message History

The wall freezes the redback. x2
The redback bites you but does no damage.
The wall freezes the moth of wrath!
The redback bites you!
You are lethally poisoned!
The redback poisons you!
The wall freezes the redback.
The redback bites you!
* * * LOW HITPOINT WARNING * * *
You are more poisoned.
The redback poisons you!
The wall freezes the moth of wrath.
The moth of wrath bites the plant.
The plant begins to die.
You feel better. The redback bites you!
* * * LOW HITPOINT WARNING * * *
The wall freezes the redback.
The redback bites you!
* * * LOW HITPOINT WARNING * * *
The wall freezes the redback.
The redback bites you.
* * * LOW HITPOINT WARNING * * *
The redback bites you but does no damage.
The wall freezes the moth of wrath.
The moth of wrath bites the plant.
The wall freezes the redback.
The redback bites you.
* * * LOW HITPOINT WARNING * * *
You are lethally poisoned!
The redback poisons you!
The redback bites you but does no damage.
You feel much better.
* * * LOW HITPOINT WARNING * * *
You feel extremely sick. The redback bites you!
* * * LOW HITPOINT WARNING * * *
You are more poisoned.
The redback poisons you!
The wall freezes the redback.
The redback bites you but does no damage.
The redback barely misses you.
The wall freezes the redback.
The redback closely misses you.
The wall freezes the moth of wrath!
The moth of wrath bites the plant!!
Okay, then.
You are too injured to fight recklessly!
Unknown command.
You closely miss the redback.
The redback is heavily wounded.
Your +3 glaive of Ouranomancy {spect, rF++ Will+ rCorr, Evo, Elem} barely misses the redback.
You die...

#§.8......8............
##...............8.§...
#≈...###########.......
##...#.........#...####
#≈...#.........#...###.
##...#(.#P..#P.########
#≈...#..P...P..#...#.[.
##.8.#(s..©....#§8©#©#.
#≈...#@sy...P..#...#)##
##...#[P#...#..#####.##
#≈...#.........#...#...
##§..#.........#...####
#≈...###########.......
** *
##...............8..... *
.# ##.8.....8............
*
..##≈...............#####
**,
...##...#########...##^..


You could see a moth of wrath, 2 redbacks and a friendly +3 glaive of
Ouranomancy {spect, rF++ Will+ rCorr, Evo, Elem}.

Vanquished Creatures
  A ghost crab (Gauntlet)
  Pikel (D:6)
  2 rime drakes
  2 komodo dragons
  A troll (D:10)
  A hornet (D:10)
  Grinder (D:6)
  4 wyverns
  A vampire (D:10)
  18 yaks
  3 steam dragons
  2 acid dragons
  5 water moccasins
  2 orc warriors (D:9)
  3 sky beasts
  7 ice beasts
  5 black bears
  2 centaurs
  An ogre (D:4)
  A wolf (D:9)
  4 lemures (D:6)
  2 kobold brigands
  4 bullfrogs
  4 scorpions
  9 wights
  4 killer bees (D:9)
  2 howler monkeys
  4 crimson imps (D:8)
  8 jellies
  A gnoll bouda (D:5)
  4 orc priests
  11 hounds
  Crazy Yiuf (D:6)
  2 iguanas
  2 sleepcaps
  5 orc wizards
  Natasha (thrice) (D:3)
  8 gnolls (D:5)
  8 adders
  A shadow imp (D:6)
  2 white imps (D:5)
  An ufetubus (D:4)
  3 worms (D:3)
  3 dart slugs
  31 orcs
  5 ball pythons
  3 bats
  15 endoplasms
  5 giant cockroaches
  7 goblins
  3 hobgoblins
  2 jackals (D:1)
  15 kobolds
  2 quokkas
  3 frilled lizards
  6 rats
256 creatures vanquished.

Vanquished Creatures (others)
  A sky beast (D:7)
1 creature vanquished.

Grand Total: 257 creatures vanquished

Notes
Turn   | Place    | Note
-------+----------+-------------------------------------------
     0 | D:1      | Arzdou the Draconian Ice Elementalist began the quest for
                  | the Orb.
     0 | D:1      | Reached XP level 1. HP: 14/14 MP: 3/3
   483 | D:1      | Reached XP level 2. HP: 20/20 MP: 5/5
   782 | D:2      | Reached XP level 3. HP: 17/26 MP: 0/6
  1051 | D:2      | Learned a level 3 spell: Frozen Ramparts
  1055 | D:2      | Learned a level 3 spell: Ozocubu's Armour
  1759 | D:3      | Reached XP level 4. HP: 23/33 MP: 2/8
  1856 | D:3      | Noticed Natasha
  1860 | D:3      | Killed Natasha
  1861 | D:3      | Reached skill level 5 in Ice Magic
  2085 | D:3      | Noticed Natasha
  2096 | D:3      | Killed Natasha
  2238 | D:3      | Noticed Natasha
  2245 | D:3      | Killed Natasha
  2246 | D:3      | Reached XP level 5. HP: 29/38 MP: 6/10
  2768 | D:4      | Found a staircase to the Ecumenical Temple.
  2790 | Temple   | Entered the Ecumenical Temple
  2943 | Temple   | Became a worshipper of Ashenzari the Shackled
  3204 | D:4      | Found a shadowy altar of Dithmenos.
  3808 | D:4      | Reached XP level 6. HP: 40/45 MP: 8/12
  4193 | D:5      | Entered Level 5 of the Dungeon
  4225 | D:5      | Reached skill level 5 in Spellcasting
  4283 | D:5      | Noticed a water moccasin
  4289 | D:5      | Killed a water moccasin
  4290 | D:5      | Your scales start taking on a rich purple colour.
  4290 | D:5      | Reached XP level 7. HP: 50/50 MP: 8/16
  4455 | D:5      | Upgraded the game from 0.31-a0-108-gdf935468f2 to
                  | 0.31-a0-133-gaae73658be
  5724 | D:5      | Reached * piety under Ashenzari
  5786 | D:5      | Reached XP level 8. HP: 46/57 MP: 19/19
  6168 | D:6      | Noticed Grinder
  6188 | D:6      | Paralysed by Grinder for 4 turns
  6198 | D:6      | Killed Grinder
  6254 | D:6      | Found a transporter.
  6291 | D:6      | Found a transporter.
  6294 | D:6      | Noticed bmj180's ghost (novice MfIE)
  6295 | D:6      | Noticed a kobold demonologist
  6334 | D:6      | Found a hide-covered altar of Uskayaw.
  6334 | D:6      | Found a sparkling altar of Nemelex Xobeh.
  6385 | D:6      | Found a blossoming altar of Fedhas.
  6513 | D:6      | Found a glowing silver altar of Zin.
  6587 | D:6      | Found a runed translucent door.
  6588 | D:6      | Noticed Crazy Yiuf
  6765 | D:6      | Found an iron altar of Okawaru.
  6766 | D:6      | Noticed Pikel
  6776 | D:6      | Killed Pikel
  6777 | D:6      | Reached XP level 9. HP: 50/62 MP: 12/22
  6884 | D:6      | Reached skill level 10 in Spellcasting
  6966 | D:6      | Reached ** piety under Ashenzari
  7037 | D:6      | Killed Crazy Yiuf
  7206 | D:6      | Reached skill level 10 in Ice Magic
  7471 | D:7      | Identified the +7 mace of Ujugil {freeze, Drain rN+ Will+}
  7539 | D:7      | Found a bloodstained altar of Trog.
  7555 | D:7      | Learned a level 7 spell: Ozocubu's Refrigeration
  8154 | D:7      | Reached *** piety under Ashenzari
  8558 | D:8      | Noticed an oklob plant
  8576 | D:8      | Reached XP level 10. HP: 69/69 MP: 20/25
  8686 | D:8      | Found Oxoontao's General Store.
  8737 | D:8      | Reached skill level 1 in Conjurations
  8910 | D:8      | Identified the +0 leather armour of Siptyepp {*Slow Dex+4}
  8958 | D:8      | Found a shimmering altar of Xom.
  9534 | D:8      | Found an ancient bone altar of Kikubaaqudgha.
  9570 | D:8      | Found a basalt altar of Yredelemnul.
  9796 | D:9      | Found a staircase to the Lair.
 10264 | D:9      | Identified the +3 glaive of Cheibriados, Charming {spect,
                  | rF++ Will+ rCorr}
 10490 | D:9      | Found a runed translucent gate.
 10491 | D:9      | Found a runed translucent gate.
 10492 | D:9      | Found a runed translucent gate.
 10680 | D:9      | Noticed kae's ghost (journeyman MfTm)
 10682 | D:9      | Found a viscous altar of Jiyva.
 10701 | D:9      | Reached skill level 1 in Polearms
 11049 | D:10     | Entered Level 10 of the Dungeon
 11078 | D:10     | Reached XP level 11. HP: 70/74 MP: 23/27
 11161 | D:10     | Reached **** piety under Ashenzari
 11338 | D:10     | Found a stormy altar of Qazlal.
 11353 | D:10     | Reached skill level 5 in Polearms
 11399 | D:10     | Found Pymak's Magic Scroll Emporium.
 11458 | D:10     | Reached ***** piety under Ashenzari
 11473 | D:10     | Found a white marble altar of Elyvilon.
 11476 | D:11     | Noticed a boulder beetle
 11476 | D:11     | Noticed a centaur warrior
 11509 | D:10     | Reached skill level 1 in Evocations
 11543 | D:10     | Found a shimmering blue altar of Sif Muna.
 11771 | Lair:1   | Entered Level 1 of the Lair of Beasts
 12022 | Lair:1   | Found a gate leading to a gauntlet.
 12027 | Gauntlet | Entered a Gauntlet
 12027 | Gauntlet | Found a transporter.
 12030 | Gauntlet | Found a transporter.
 12046 | Gauntlet | Found a transporter.
 12046 | Gauntlet | Noticed a ghost crab
 12051 | Gauntlet | Found a transporter.
 12061 | Gauntlet | Found a transporter.
 12081 | Gauntlet | Found a transporter.
 12081 | Gauntlet | Noticed a cacodemon
 12084 | Gauntlet | Found a transporter.
 12088 | Gauntlet | Found a transporter.
 12093 | Gauntlet | Identified the amulet of Moral Flaws {RegenMP Rampage
                  | Fragile rPois Stlth-}
 12109 | Gauntlet | Identified the +2 whip of the Doomed Warrior {venom, Fly
                  | rPois rF+ Int-3}
 12111 | Gauntlet | Found a transporter.
 12112 | Gauntlet | Identified the +2 pair of boots "Cuog" {rElec Slay+2}
 12114 | Gauntlet | Noticed a death drake
 12136 | Gauntlet | Found a transporter.
 12136 | Gauntlet | Found a transporter.
 12140 | Gauntlet | Found a runed translucent door.
 12145 | Gauntlet | Found a transporter.
 12330 | Gauntlet | Killed a ghost crab
 12353 | Gauntlet | Succumbed to a redback's poison

Illustrated notes

Levels and vault maps discovered:
D:1:      zelgadis_glass_arrival_small, layout_loops_cross,
          kennysheep_flooded_box
D:2:      layout_rooms, kennysheep_decorative_pillar, minmay_diced_spiral
D:3:      layout_basic, uniq_natasha
D:4:      layout_loops_corners, nicolae_dithmenos_the_darkroom,
          minmay_temple_entry_overgrown, chequers_serial_rivers_micro_b,
          nicolae_underground_beach
D:5:      layout_basic
D:6:      layout_rooms, grunt_temple_overflow_open, zin_scriptorium,
          lemuel_round_altar, gammafunk_ghost_arena, hellmonk_no_cap,
          uniq_grinder, uniq_crazy_yiuf_cottage, uniq_pikel
D:7:      layout_loops_cross, trog_ov_bears_minmay,
          hangedman_abyss_or_decor_passed, hangedman_misty_isle
D:8:      lemuel_slime, layout_loops_corners, lemuel_crystal_altar,
          mainiacjoe_overflow_alcove_1, led_xom_imps, serial_shops, shop
D:9:      layout_irregular_city, hellmonk_lair_entry_icy, gammafunk_ghost_ooze,
          grunt_decor_fettered, item_on_display_a
D:10:     layout_small_grid, nicolae_qazlal_style_of_elements,
          mainiacjoe_overflow_brackets, lemuel_tele_altar,
          chequers_serial_rivers_small_3, nicolae_take_the_stairs,
          hangedman_decor_clover_reticule
D:11:     layout_big_octagon, serial_shops, nicolae_shop_window_shopping,
          serial_rivers, chequers_serial_rivers_small_b,
          chequers_serial_rivers_micro_b, chequers_serial_rivers_room_a,
          chequers_serial_rivers_room_a, chequers_serial_rivers_large_b,
          chequers_serial_rivers_micro_c
Temple:   nicolae_temple_bog_church
Lair:1:   layout_small_grid, gauntlet_entry_generic, special_room
          [special_room_bee], uniq_grum
Gauntlet: minmay_gauntlet_mixed_oops_all_seconds
          [minmay_gauntlet_arena_77_p_blocks, nicolae_gauntlet_arena_x,
          minmay_gauntlet_arena_77_path, gammafunk_gauntlet_arena_hedges,
          minmay_gauntlet_arena_77_terracotta_army,
          gammafunk_gauntlet_arena_crates, gauntlet_exit_watery]

Skill      XL: |  1  2  3  4  5  6  7  8  9 10 11 |
---------------+----------------------------------+-----
Dodging        | 2 4 |  4.3
Stealth        | 2 4 |  4.6
Spellcasting   | 3 4 6 7 9 11 | 11.4
Ice Magic      | 5 6 7 9 10 11 | 11.1
Conjurations   | 4 |  4.0
Polearms       | 4 7 |  7.8
Evocations     | 3 |  3.1
Earth Magic    | 2 |  2.0

Action                     |  1- 3 |  4- 6 |  7- 9 | 10-12 || total
---------------------------+-------+-------+-------+-------++-------
  Melee: Unarmed           |     8 |       |       |       ||     8
         Short sword       |    46 |    39 |   178 |   111 ||   374
         Tailslap          |     9 |     7 |    29 |    25 ||    70
         Punch             |     1 |     1 |     5 |     1 ||     8
         Glaive            |       |       |       |    71 ||    71
   Cast: Freeze            |    36 |    57 |     5 |       ||    98
         Frozen Ramparts   |     1 |     5 |    36 |    31 ||    73
         Ozocubu's Armour  |       |     3 |    30 |    16 ||    49
         Ozocubu's Refrige |       |       |       |     1 ||     1
 Invoke: Curse Item        |       |     1 |     3 |     3 ||     7
         Shatter the Chain |       |       |       |     1 ||     1
    Use: Potion            |       |       |     1 |     3 ||     4
         Scroll            |       |       |       |     1 ||     1
   Stab: Sleeping          |     2 |     1 |     2 |     2 ||     7
         Distracted        |       |       |       |     2 ||     2
 Armour: Skin              |    20 |    25 |   146 |    99 ||   290
  Dodge: Dodged            |    52 |    40 |   148 |   146 ||   386

Table legend: (Time is in decaauts)
 A = Elapsed time spent in this place.
 B = Non-inter-level travel time spent in this place.
 C = Inter-level travel time spent in this place.
 D = Time resting spent in this place.
 E = Time spent auto-exploring this place.
 F = Levels seen in this place.
 G = Mean time per level.
                   A        B        C        D        E       F      G
               +--------+--------+--------+--------+--------+-----+--------+
         Total |  12412 |  11826 |    586 |   1045 |   8707 |  14 |  886.6 |
       Dungeon |  11655 |  11076 |    579 |    888 |   8446 |  11 | 1059.5 |
        Temple |    165 |    158 |      7 |      0 |    140 |   1 |  165.0 |
          Lair |    265 |    265 |      0 |    157 |      0 |   1 |  265.0 |
      Gauntlet |    326 |    326 |      0 |      0 |    121 |   1 |  326.0 |
               +--------+--------+--------+--------+--------+-----+--------+

Top non-repeatable levels by time:
     D:5: 1830 daAuts
     D:6: 1390 daAuts
     D:3: 1341 daAuts
     D:9: 1317 daAuts
     D:4: 1306 daAuts
     D:8: 1273 daAuts
     D:7: 1080 daAuts
     D:2: 758 daAuts
    D:10: 717 daAuts
     D:1: 638 daAuts
Gauntlet: 326 daAuts
  Lair:1: 265 daAuts
  Temple: 165 daAuts
    D:11: 1 daAuts
